 Dungeon Sprint DCSS version 0.27-a0-1256-gced786f65e (webtiles) character file.

Game seed: 3554107680726714607

130 rocky1 the Blocker (level 4, -1/39 HPs)
             Began as a Minotaur Fighter on June 11, 2021.
             Splashed by a jelly's acid (4 damage)
             ... in the Dungeon (Sprint III: "The Ten Rune Challenge").
             The game lasted 00:02:42 (931 turns).

rocky1 the Blocker (Minotaur Fighter)                Turns: 931, Time: 00:02:44

Health: -1/39      AC: -3    Str: 21    XL:     4   Next: 89%
Magic:  3/3        EV:  8    Int:  5    God:
Gold:   10         SH: 11    Dex: 10    Spells: 3/3 levels left

rFire    . . .     SeeInvis .   a - +0 long sword
rCold    . . .     Faith    .   c - +0 kite shield
rNeg     . . .     Spirit   .   b - +0 scale mail
rPois    .         Reflect  .   (helmet restricted)
rElec    .         Harm     .   i - +0 cloak
rCorr    .         Rampage  .   (no gloves)
Will     .....     NoTele   +   (no boots)
Stlth    ..........             (no amulet)
HPRegen  0.13/turn              (no ring)
MPRegen  0.08/turn              (no ring)

@: corroded
A: horns 2, retaliatory headbutt
a: no special abilities


You were in the Dungeon.
You visited 1 branch You collected 10 gold pieces.

Inventory:

Hand Weapons
 a - a +0 long sword (weapon)
Missiles
 k - 12 poisoned darts (quivered)
Armour
 b - a +0 scale mail (worn)
 c - a +0 kite shield (worn)
 i - a +0 cloak (worn)
Scrolls
 j - a scroll of blinking
 l - 2 scrolls of amnesia {unknown}
 n - a scroll of immolation {unknown}
 o - a scroll of torment {unknown}
 p - 2 scrolls of identify
Potions
 e - 2 potions of curing
 f - 5 potions of flight
 g - a potion of haste
 h - 2 potions of magic
 m - 3 potions of mutation {unknown}


   Skills:
 - Level 3.6 Fighting
 + Level 8.6 Long Blades
 - Level 3.6 Armour
 + Level 9.0 Shields


You had 3 spell levels left.
You didn't know any spells.
Your spell library was empty.

Dungeon Overview and Level Annotations

Branches:
Dungeon (1/1)

Altars:


Innate Abilities, Weirdness & Mutations

You have a pair of horns on your head.
You reflexively headbutt those who attack you in melee.


Message History

The water elemental is almost destroyed.
* * * LOW HITPOINT WARNING * * *
Your lungs strain for air!
The water elemental hits you.
You slash the water elemental!
You destroy the water elemental!
You gasp with relief as air once again reaches your lungs.
Your Long Blades skill increases to level 8!
Your Shields skill gained 2 levels and is now at level 9!
Unknown command.
Unknown command.
There is an open door to the Ecumenical Temple here.
There is a fountain of clear blue water here.
You start resting.
You feel a little less mighty now.
You start resting.
HP restored.
You open the door.
A jelly comes into view.
The jelly quivers.
You barely miss the jelly. The jelly hits you.
You are splashed with acid!
You hit the jelly but do no damage. The acid corrodes you!
Your hands burn!
The jelly closely misses you.
You hit the jelly but do no damage. The acid corrodes you!
Your hands burn!
You headbutt the jelly.
The jelly is moderately wounded.
The jelly barely misses you.
You riposte.
You hit the jelly but do no damage.
You headbutt the jelly, but do no damage.
The jelly is moderately wounded.
You hit the jelly but do no damage.
Your hands burn!
You headbutt the jelly.
The jelly is severely wounded.
The jelly hits you. The acid corrodes you!
You are splashed with acid.
* * * LOW HITPOINT WARNING * * *
You hit the jelly but do no damage.
Your hands burn!
* * * LOW HITPOINT WARNING * * *
The jelly is severely wounded.
The jelly hits you.
* * * LOW HITPOINT WARNING * * *
You are splashed with acid.
You die...

▓▓▓ ## ##.#
.#####..# ..#..#..#
..#..#..###+#+###+##
..##'#..#..........#
..###...'.⌠.....@J.#
†####...#...######'#
.###....#.⌠.# ..#
.##.....#...# ...#
.#.)....#+### #...#
#.#.....# #...+
####....# +...#
▓▓▓▓▓▓ ▓▓▓▓▓


You could see a jelly.

Vanquished Creatures
  A water elemental (D)
  Crazy Yiuf (D)
  Jessica (D)
  A human (D)
  2 endoplasms (D)
  A rat (D)
7 creatures vanquished.

Notes
Turn   | Place    | Note
-------+----------+-------------------------------------------
     0 | D        | rocky1 the Minotaur Fighter began the quest for the Orb.
     0 | D        | Reached XP level 1. HP: 19/19 MP: 0/0
    10 | D        | Reached skill level 4 in Shields
   171 | D        | Noticed Jessica
   176 | D        | Killed Jessica
   177 | D        | Reached skill level 5 in Long Blades
   177 | D        | Reached skill level 6 in Shields
   177 | D        | Reached XP level 2. HP: 17/26 MP: 1/1
   177 | D        | Reached XP level 3. HP: 21/31 MP: 2/2
   415 | D        | Noticed Crazy Yiuf
   417 | D        | Paralysed by Crazy Yiuf for 4 turns
   425 | D        | Killed Crazy Yiuf
   426 | D        | Reached skill level 7 in Shields
   426 | D        | Reached XP level 4. HP: 11/39 MP: 3/3
   677 | D        | Noticed a water elemental
   683 | D        | Killed a water elemental
   684 | D        | Reached skill level 9 in Shields
   931 | D        | Splashed by a jelly's acid

Illustrated notes

Levels and vault maps discovered:
D:        dungeon_sprint_mu [sprint_mu_entry_cave, sprint_mu_temple_rooms,
          sprint_mu_d1_spiders, sprint_mu_d2_genie, sprint_mu_d3_branching,
          sprint_mu_orc_legion, sprint_mu_elf_gauntlet, sprint_mu_hive_nellie,
          sprint_mu_lair_fedhas, sprint_mu_vaults_butterflies,
          sprint_mu_slime_circle, sprint_mu_swamp_cave, sprint_mu_snake_twists,
          sprint_mu_blade_basic, sprint_mu_crypt_fortress,
          sprint_mu_tomb_spiral, sprint_mu_vestibule_basic,
          sprint_mu_gehenna_hellfire, sprint_mu_dis_giant,
          sprint_mu_tartarus_statrot, sprint_mu_cocytus_islands, sprint_mu_zot1]

Skill      XL: |  1  2  3  4 |
---------------+-------------+-----
Long Blades    | 5 7 8 |  8.6
Shields        | 6 7 9 |  9.0
Fighting       | |  3.6
Armour         | |  3.6

Action                   |  1- 3 |  4- 6 || total
-------------------------+-------+-------++-------
Melee: Long sword        |    27 |    10 ||    37
       Headbutt          |     6 |     4 ||    10
Throw: Dart              |     5 |       ||     5
  Use: Potion            |     2 |     1 ||     3
Armor: Scale mail        |     5 |     1 ||     6
Dodge: Dodged            |     4 |     2 ||     6
Block: Kite shield       |    12 |     3 ||    15
       Rpst.: Long sword |     2 |     1 ||     3

Table legend: (Time is in decaauts)
 A = Elapsed time spent in this place.
 B = Non-inter-level travel time spent in this place.
 C = Inter-level travel time spent in this place.
 D = Time resting spent in this place.
 E = Time spent auto-exploring this place.
 F = Levels seen in this place.
 G = Mean time per level.
                   A        B        C        D        E       F      G
               +--------+--------+--------+--------+--------+-----+--------+
         Total |    958 |    958 |      0 |    779 |      0 |   1 |  958.0 |
       Dungeon |    958 |    958 |      0 |    779 |      0 |   1 |  958.0 |
               +--------+--------+--------+--------+--------+-----+--------+

Top non-repeatable levels by time:
       D: 958 daAuts
